 Seeded DCSS version 0.30.0-5-g1a98f26d00 (webtiles) character file.

Game seed: 20230508 (custom seed)

2368 Kazon the Cutter (level 9, -3/46 HPs)
             Began as a Vine Stalker Fighter on May 8, 2023.
             Slain by an ogre
             ... wielding a +0 giant club
              (13 damage)
             ... on level 7 of the Dungeon.
             The game lasted 00:23:04 (4711 turns).

Kazon the Cutter (Vine Stalker Fighter)             Turns: 4711, Time: 00:23:04

Health: -3/46      AC: 17    Str: 24    XL:     9   Next: 44%
Magic:  0/19       EV:  8    Int: 10    God:
Gold:   387        SH:  5    Dex: 17    Spells: 8/8 levels left

rFire   . . .        s - +3 falchion
rCold   . . .        c - +0 buckler
rNeg    . . .        J - +0 plate armour
rPois   .            n - +2 helmet
rElec   .            (no cloak)
rCorr   .            (no gloves)
SInv    .            j - +0 pair of boots
Will    +....        (no amulet) Stlth
                     o - ring of magical power
HPRegen 1.07/turn    D - +6 ring of strength
MPRegen 0.16/turn

%: guardian spirit
@: no status effects
A: fangs 3, regeneration 1, magic shield, antimagic bite, no potion heal 2
a: no special abilities


You were on level 7 of the Dungeon.
You visited 1 branch of the dungeon, and saw 7 of its levels.

You collected 387 gold pieces.

Inventory:

Hand Weapons
 a - a +0 rapier
 h - a +1 vampiric dagger
 s - a +3 falchion (weapon)
Missiles
 e - 22 stones
 v - 2 poisoned darts
Armour
 b - a +0 scale mail
 c - a +0 buckler (worn)
 j - a +0 pair of boots (worn)
 n - a +2 helmet (worn)
 J - a +0 plate armour (worn)
Jewellery
 o - a ring of magical power (left hand)
 D - a +6 ring of strength (right hand)
 H - an amulet of faith
Wands
 B - a wand of iceblast (13)
Scrolls
 d - a scroll of teleportation {unknown}
 f - 2 scrolls of immolation
 g - 2 scrolls of noise
 i - 2 scrolls of enchant weapon
 k - a scroll of fear {unknown}
 l - 2 scrolls of fog {unknown}
 r - a scroll of brand weapon {unknown}
 w - a scroll of vulnerability {unknown}
 y - 2 scrolls of identify {unknown}
 z - a scroll of enchant armour {unknown}
 F - a scroll of torment {unknown}
 G - a scroll of magic mapping {unknown}
Potions
 m - a potion of haste {unknown}
 p - 2 potions of invisibility {unknown}
 q - a potion of heal wounds {unknown}
 t - 3 potions of cancellation {unknown}
 u - a potion of berserk rage {unknown}
 x - a potion of experience {unknown}
 A - a potion of curing {unknown}
 C - a potion of flight {unknown}
 E - 2 potions of mutation {unknown}
 I - a potion of brilliance {unknown}
Miscellaneous
 K - a piece from Xom's chessboard (11/15) (quivered)


   Skills:
 + Level 4.5 Fighting
 + Level 6.3(6.5) Short Blades
 + Level 1.7(4.3) Long Blades
 + Level 1.8 Throwing
 + Level 5.7 Armour
 + Level 3.1 Dodging
 + Level 2.0 Stealth
 + Level 4.7 Shields
 * Level 1.3 Evocations


You had 8 spell levels left.
You didn't know any spells.
Your spell library contained the following spells:

 Spells                   Type           Power      Damage    Failure   Level
 Beastly Appendage        Tmut           0%         N/A       100%        1
 Wereblood                Tmut           0%         N/A       100%        2
 Spider Form              Tmut/Pois      0%         N/A       100%        3


Dungeon Overview and Level Annotations

Branches:
Dungeon (7/15)
 Temple: D:4-7

Altars:

Shops:
D:6 (

Annotations:
D:4 1 runed translucent door, Chadd's ghost, amateur HOMo
D:6 1 runed translucent door, jimonade's ghost, novice VSMo


Innate Abilities, Weirdness & Mutations

You have razor-sharp teeth.
Your natural rate of healing is unusually fast.
When hurt, damage is shared between your health and your magic reserves.
Your bite disrupts and absorbs the magic of your enemies.
Potions cannot restore your health.


Message History

Press: ? - help, Q - select action, (/) - cycle Dir - look around, f - activate You make a move on Xom's chessboard...
The centaur is moving more slowly.
The centaur shoots an arrow.
The arrow hits you but does no damage.
The centaur shoots an arrow.
The arrow closely misses you.
The centaur shoots an arrow.
The arrow barely misses you.
You hear a shout!
An ogre comes into view. It is wielding a +0 giant club.
The ogre shouts!
The centaur stops moving altogether!
The helpless centaur fails to defend itself.
You hit the centaur but do no damage. You bite the centaur.
You drain its power.
The centaur is moderately wounded.
The helpless centaur fails to defend itself.
You slash the centaur! You bite the centaur. You drain its power.
The centaur is severely wounded.
The ogre hits you with a +0 giant club!!
The helpless centaur fails to defend itself.
You slash the centaur!
The centaur is almost dead.
The helpless centaur fails to defend itself.
You hit the centaur.
You kill the centaur!
The ogre hits you with a +0 giant club!!
Your Stealth skill increases to level 2!
You slash the ogre! Your bite misses the ogre.
The ogre is moderately wounded.
You block the ogre's attack.
You hit the ogre. Your bite misses the ogre.
The ogre is heavily wounded.
The ogre barely misses you.
You slash the ogre! Your bite misses the ogre.
The ogre is severely wounded.
The ogre hits you with a +0 giant club!!
* * * LOW HITPOINT WARNING * * *
There is a stone staircase leading up here.
The ogre attacks as you move away! You block the ogre's attack.
There is a stone staircase leading down here.
The ogre attacks as you move away! The ogre hits you with a +0 giant club!
You die...

+...# #
###.#)##.#
#8.....#.####
#...#.......#
.....
#..#.##.#
....#.#<....#
###.#.#..!$.#
.......O#...#
###.#.#@...##
#.#.#### #
#.# #.. #.#
#.# #.# #.#


You could see an ogre.

Vanquished Creatures
  6 yaks (D:5)
  An orc warrior (D:6)
  An ice beast (D:6)
  4 black bears
  2 centaurs
  A phantom (D:4)
  Blork the orc (D:4)
  2 scorpions (D:5)
  A jelly (D:5)
  A hound (D:6)
  3 orc priests
  Terence (D:2)
  2 iguanas (D:5)
  2 orc wizards
  Robin (D:2)
  7 gnolls
  9 adders
  A white imp (D:5)
  4 dart slugs
  9 orcs
  6 ball pythons
  8 endoplasms
  2 giant cockroaches (D:1)
  13 goblins
  10 hobgoblins
  4 jackals
  2 kobolds (D:3)
  6 quokkas
  5 bats
  3 frilled lizards
  8 rats
126 creatures vanquished.

Notes
Turn   | Place    | Note
-------+----------+-------------------------------------------
     0 | D:1      | Kazon the Vine Stalker Fighter began the quest for the Orb.
     0 | D:1      | Reached XP level 1. HP: 11/11 MP: 2/2
   148 | D:1      | Reached XP level 2. HP: 16/16 MP: 3/3
   154 | D:1      | Reached skill level 2 in Short Blades
   402 | D:1      | Reached XP level 3. HP: 20/20 MP: 4/4
   713 | D:2      | Noticed Robin
   839 | D:2      | Noticed Terence
   935 | D:2      | Killed Terence
   936 | D:2      | Reached skill level 1 in Stealth
   936 | D:2      | Gained mutation: Your natural rate of healing is unusually
                  | fast. [Vine Stalker growth]
   936 | D:2      | Reached XP level 4. HP: 7/24 MP: 1/5
  1089 | D:2      | Killed Robin
  1618 | D:3      | Noticed a black bear
  1631 | D:3      | Killed a black bear
  1632 | D:3      | Reached XP level 5. HP: 27/28 MP: 6/6
  1745 | D:3      | Reached skill level 3 in Short Blades
  1881 | D:4      | Reached skill level 1 in Dodging
  1890 | D:4      | Reached XP level 6. HP: 32/32 MP: 7/7
  2067 | D:4      | Noticed Blork the orc
  2101 | D:4      | Killed Blork the orc
  2103 | D:4      | Reached skill level 1 in Throwing
  2149 | D:4      | Reached XP level 7. HP: 36/36 MP: 8/8
  2164 | D:4      | Reached skill level 4 in Short Blades
  2700 | D:4      | Found a runed translucent door.
  2701 | D:4      | Noticed Chadd's ghost (amateur HOMo)
  2727 | D:5      | Entered Level 5 of the Dungeon
  2797 | D:5      | Noticed a yak
  2798 | D:5      | Noticed a yak
  2841 | D:5      | Killed a yak
  2846 | D:5      | Killed a yak
  2847 | D:5      | Gained mutation: You have razor-sharp teeth. [Vine Stalker
                  | growth]
  2847 | D:5      | Reached XP level 8. HP: 37/42 MP: 9/9
  2946 | D:5      | Noticed a yak
  2946 | D:5      | Noticed a yak
  2970 | D:5      | Noticed a yak
  2971 | D:5      | Killed a yak
  2972 | D:5      | Reached skill level 5 in Short Blades
  2982 | D:5      | Noticed a yak
  3000 | D:5      | Killed a yak
  3001 | D:5      | Reached skill level 5 in Armour
  3024 | D:5      | Killed a yak
  3047 | D:5      | Killed a yak
  3063 | D:5      | Reached XP level 9. HP: 38/46 MP: 10/10
  3172 | D:5      | Reached skill level 6 in Short Blades
  3877 | D:6      | Found a runed translucent door.
  3877 | D:6      | Noticed jimonade's ghost (novice VSMo)
  4190 | D:6      | Reached skill level 1 in Long Blades
  4194 | D:6      | Reached skill level 1 in Evocations
  4443 | D:6      | Found Qajaquif's Weapon Boutique.
  4711 | D:7      | Slain by an ogre

Illustrated notes

Levels and vault maps discovered:
D:1:      lordsloth_arrival_two_stooges, layout_rooms, serial_forest,
          infiniplex_forest_straight_1, infiniplex_forest_diagonal,
          infiniplex_forest_clump_medium, infiniplex_forest_end_3,
          infiniplex_forest_lined_room_2, infiniplex_forest_lined_4_way,
          infiniplex_forest_lined_room_2
D:2:      layout_rooms, uniq_terence, uniq_robin
D:3:      layout_basic, minmay_gold_behind_fungi
D:4:      wander_river, layout_basic, ebering_ghost_inner_flame,
          uniq_blork_the_orc
D:5:      layout_basic
D:6:      layout_basic, serial_shops, nicolae_lakefront_shop,
          hellmonk_ghost_happy_afterlife, hellmonk_bongcloud_opening,
          chequers_serial_rivers_small_3
D:7:      layout_basic, temple_fountains, gammafunk_ghost_cemetery,
          serial_shops, nicolae_shop_real_fake_doors

Skill      XL: |  1  2  3  4  5  6  7  8  9 |
---------------+----------------------------+-----
Fighting       | 3 4 |  4.5
Short Blades   | 2 3 4 5 6 |  6.3
Shields        | 3 4 |  4.7
Stealth        | 1 2 |  2.0
Armour         | 3 4 5 |  5.7
Dodging        | 1 2 3 |  3.1
Throwing       | 1 |  1.8
Long Blades    | 1 |  1.7
Evocations     | 1 |  1.3

Action                     |  1- 3 |  4- 6 |  7- 9 || total
---------------------------+-------+-------+-------++-------
  Melee: Rapier            |    45 |       |       ||    45
         Bite              |    37 |    79 |    97 ||   213
         Dagger            |    91 |   248 |   205 ||   544
         Falchion          |       |       |    67 ||    67
  Throw: Stone             |    16 |    18 |    20 ||    54
  Evoke: Piece from Xom's  |       |       |     4 ||     4
    Use: Potion            |       |       |     1 ||     1
         Scroll            |       |       |     2 ||     2
   Stab: Petrified         |       |       |     4 ||     4
 Armour: Scale mail        |    46 |    93 |   119 ||   258
         Plate armour      |       |       |     2 ||     2
  Dodge: Dodged            |    46 |    69 |   120 ||   235
  Block: Buckler           |    22 |    43 |    67 ||   132
